 Dungeon Crawl Stone Soup version 0.25.1-2-g60ff931df9 (webtiles) character file.

Game seed: 12452999164233434061

50 DildoBatman the Magician (level 4, -2/30 HPs)
             Began as a Formicid Wizard on Aug 20, 2020.
             Slain by a jackal (3 damage)
             ... on level 2 of the Dungeon.
             The game lasted 00:03:16 (1255 turns).

DildoBatman the Magician (Formicid Wizard)          Turns: 1255, Time: 00:03:16

Health: -2/30      AC:  2    Str: 12    XL:     4   Next: 4%
Magic:  4/8        EV: 12    Int: 18    God:
Gold:   25         SH:  0    Dex:  9    Spells: 2/9 levels left

rFire    . . .     SeeInvis +   a - +0 hunting sling
rCold    . . .     Gourm    .   (no shield)
rNeg     . . .     Faith    .   m - +0 robe
rPois    .         Spirit   .   (helmet unavailable)
rElec    .         Reflect  .   (no cloak)
rCorr    .         Harm     .   (no gloves)
MR       .....                  (no boots)
Stlth    ++........             (no amulet)
HPRegen  0.10/turn              (no ring)
MPRegen  0.11/turn              (no ring)

@: no status effects
A: permanent stasis, dig shafts and tunnels, four strong arms, antennae 3
a: Dig, Shaft Self


You were on level 2 of the Dungeon.
You were not hungry.

You visited 1 branch of the dungeon, and saw 2 of its levels.

You collected 25 gold pieces.

Inventory:

Hand Weapons
 a - a +0 hunting sling (weapon)
 c - a +0 club
Missiles
 b - 30 sling bullets
 d - 41 stones (quivered)
 n - 4 silver boomerangs
 o - 37 arrows
Armour
 m - a +0 robe (worn)
Scrolls
 f - a scroll of enchant armour {unknown}
 g - a scroll of fear {unknown}
 j - 3 scrolls of remove curse {unknown}
 k - a scroll of identify {unknown}
 r - 2 scrolls of teleportation {unknown}
Potions
 e - a potion of lignification {unknown}
 h - 2 potions of haste {unknown}
 i - a potion of might {unknown}
 p - a potion of stabbing {unknown}
 q - 2 potions of curing {unknown}
Comestibles
 l - 4 chunks of flesh
 v - 2 rations


   Skills:
 - Level 1.7 Dodging
 - Level 2.4 Stealth
 - Level 3.2 Spellcasting
 * Level 3.2 Conjurations
   Level 1.0 Summonings
   Level 0.8 Translocations


You had 2 spell levels left.
You knew the following spells:

 Your Spells              Type           Power        Failure   Level  Hunger
a - Conjure Flame         Conj/Fire      #.......     24%         3    ###....
c - Magic Dart            Conj           ##..         4%          1    None
e - Mephitic Cloud        Conj/Pois/Air  #.......     30%         3    ###....

Your spell library contained the following spells:

 Spells                   Type           Power        Failure   Level  Hunger
 Call Imp                 Summ           #.......     16%         2    ##.....
 Slow                     Hex            #.......     24%         2    ##.....
 Blink                    Tloc           Unusable     N/A         2    N/A

Dungeon Overview and Level Annotations

Branches:
Dungeon (2/15)

Altars:
The Shining One


Innate Abilities, Weirdness & Mutations

You cannot be hasted, slowed, berserked, paralysed or teleported.
You can dig through walls and to a lower floor.
Your four strong arms can wield two-handed weapons with a shield.
You have a pair of large antennae on your head. (SInv)


Message History

What are your orders? t - Shout!
Orders for allies: a - Attack new target. r - Retreat! s - Stop attacking. g - Guard the area. f - Follow me.
Anything else - Cancel.
You shout for attention!
The bat closely misses you. The worm bites you.
What are your orders? t - Shout!
Orders for allies: a - Attack new target. r - Retreat! s - Stop attacking. g - Guard the area. f - Follow me.
Anything else - Cancel.
You shout for attention!
You hear a bark!
The bat closely misses you. The jackal bites you.
You die...

####.....#...... #
>........#..... #
.....(..#...# ######
........#...# ......
###.....#...# ######..
.##...........###....#.#
.......b$............#..
#....h....#.......รท.###
#...##@####.####....###
#.. #.w.# #..#.........
#...# #......######
#...# #..#...#...##
#...# #..#...#...##
#...# #..#.........
..... #..#..##...##
..... #..#..#######
#............


You could see a worm, a jackal and a bat.

Vanquished Creatures
  2 adders (D:2)
  2 worms (D:2)
  A leopard gecko (D:1)
  2 goblins (D:1)
  A hobgoblin (D:2)
  2 jackals (D:2)
  8 kobolds (D:1)
  3 bats
  5 rats
26 creatures vanquished.

Notes
Turn   | Place    | Note
-------+----------+-------------------------------------------
     0 | D:1      | DildoBatman the Formicid Wizard began the quest for the
                  | Orb.
     0 | D:1      | Reached XP level 1. HP: 13/13 MP: 4/4
    53 | D:1      | Reached skill level 1 in Conjurations
   292 | D:1      | Reached XP level 2. HP: 19/19 MP: 3/6
   458 | D:1      | You fall into a shaft and drop 1 floor!
   637 | D:1      | Found a glowing golden altar of the Shining One.
   830 | D:2      | Reached XP level 3. HP: 24/24 MP: 0/7
   835 | D:2      | Learned a level 3 spell: Conjure Flame
   839 | D:2      | Learned a level 3 spell: Mephitic Cloud
  1211 | D:2      | Reached XP level 4. HP: 24/30 MP: 0/8
  1254 | D:2      | HP: 1/30 [worm (3)]
  1255 | D:2      | Slain by a jackal

Illustrated notes

Levels and vault maps discovered:
D:1:      elethiomel_arrival_maze, layout_basic, tso_metal_star
D:2:      layout_basic, st_stairs_8

Skill      XL: |  1  2  3 |
---------------+----------+-----
Conjurations   | 1 2 3 |  3.2
Dodging        | |  1.7
Stealth        | |  2.4
Spellcasting   | |  3.2
Summonings     | |  1.0
Translocations | |  0.8

Action                   |  1- 3 |  4- 6 || total
-------------------------+-------+-------++-------
Melee: Club              |     7 |       ||     7
 Fire: Hunting sling     |    12 |       ||    12
 Cast: Magic Dart        |    56 |     1 ||    57
 Abil: Dig               |     3 |     1 ||     4
  Eat: Chunk             |     1 |       ||     1
Armor: Robe              |    16 |     8 ||    24
Dodge: Dodged            |    28 |    20 ||    48
